 Dungeon Crawl Stone Soup version 0.30-a0-728-gc68057be0a (webtiles) character file.

Game seed: 12704800303475550591

21276 testman the Fighter (level 13, -15/103 HPs)
             Began as a Djinni Ice Elementalist on Jan 31, 2023.
             Was the Champion of Cheibriados.
             Killed from afar by Frances (63 damage)
             ... with a shard of ice
             ... on level 13 of the Dungeon.
             The game lasted 00:57:45 (9917 turns).

testman the Fighter (Djinni Ice Elementalist)       Turns: 9917, Time: 00:57:46

Health: -15/103    AC: 20    Str: 22    XL:     13   Next: 18%
Gold:   540        EV:  8    Int: 37    God:    Cheibriados [******] SH:  0 Dex: 35

rFire   + + .      SeeInvis .    I - +5 scimitar (freeze)
rCold   x . .      Faith    .    (no shield)
rNeg    . . .      Spirit   .    N - +2 plate armour {Will+}
rPois   ∞          Reflect  .    f - +1 helmet
rElec   .          Harm     .    K - +0 cloak
rCorr   .          Rampage  .    Q - +0 pair of gloves
Will    ++...                    (boots unavailable) Stlth
                                 h - amulet of regeneration
HPRegen 1.17/turn                S - ring of wizardry
MPRegen 0.00/turn                E - +6 ring of dexterity

@: ice-armoured, freezing walls, flying, very slightly contaminated, studying
Fighting, very slow
A: sickness immunity, fire resistance 2, cold vulnerability 1, float, innate
caster, HP casting, extra vitality 1
a: Renounce Religion, Bend Time, Temporal Distortion, Slouch, Step From Time


You were on level 13 of the Dungeon.
You worshipped Cheibriados.
Cheibriados was exalted by your worship.
You visited 1 branch of the dungeon, and saw 13 of its levels.
You also visited: Ossuary.

You collected 736 gold pieces.
You spent 196 gold pieces at shops.

Inventory:

Hand Weapons
 s - the +8 hand axe of Malaise {drain, rElec rF- Int+7}
   (You found it on level 3 of the Dungeon)

   Int:       It affects your intelligence (+7).
   rF:        It makes you vulnerable to fire.
   rElec:     It insulates you from electricity.
 C - the +6 trident of the Leaping Enemy {elec, rC+ SInv}
   (You took it off a spriggan on level 8 of the Dungeon)

   rC:        It protects you from cold.
   SInv:      It lets you see invisible.
 H - the +6 rapier "Amnessal" {flame, rF- rN+++ Dex+8}
   (You found it on level 6 of the Dungeon)

   Dex:       It affects your dexterity (+8).
   rF:        It makes you vulnerable to fire.
   rN:        It renders you almost immune to negative energy.
 I - a +5 scimitar of freezing (weapon)
 P - a +2 scimitar of holy wrath
Missiles
 j - a curare-tipped dart
 R - 9 throwing nets
Armour
 f - a +1 helmet (worn)
 x - a +0 ring mail of poison resistance
 K - a +0 cloak (worn)
 N - a +2 plate armour of willpower (worn)
 O - +0 steam dragon scales
 Q - a +0 pair of gloves (worn)
Jewellery
 a - a ring of positive energy
 h - an amulet of regeneration (around neck)
 o - an amulet of faith
 r - an amulet of reflection
 u - a ring of protection from cold
 E - a +6 ring of dexterity (right hand)
 S - a ring of wizardry (left hand)
 V - a +4 ring of protection
Wands
 m - a wand of quicksilver (4)
 y - a wand of roots (29)
 z - a wand of flame (10)
 J - a wand of mindburst (15)
 L - a wand of charming (7)
Scrolls
 e - a scroll of blinking
 i - 6 scrolls of teleportation
 p - 2 scrolls of enchant weapon
 v - 6 scrolls of vulnerability
 w - 2 scrolls of fog
 B - 2 scrolls of immolation
 F - 3 scrolls of fear
 M - a scroll of brand weapon {unknown}
 T - a scroll of magic mapping
 U - a scroll of enchant armour
Potions
 b - 3 potions of brilliance
 c - 7 potions of curing
 d - 3 potions of cancellation
 g - 2 potions of resistance
 k - a potion of invisibility
 l - a potion of might
 n - 3 potions of mutation
 q - 4 potions of ambrosia
 t - 3 potions of heal wounds
 A - 5 potions of attraction
 D - 7 potions of lignification
 G - 4 potions of haste
 W - a potion of berserk rage {unknown}


   Skills:
 + Level 13.1 Fighting
 + Level 6.4 Long Blades
 - Level 5.0 Armour
 - Level 2.1 Dodging
 - Level 1.5 Stealth
 + Level 9.4 Spellcasting
 + Level 11.0 Invocations


You had 2 spell levels left.
You knew the following spells:

 Your Spells              Type           Power      Damage    Failure   Level
a - Freeze                Ice            100%       1d10      1%          1
b - Frozen Ramparts       Ice            100%       1d16      1%          3
c - Ozocubu's Armour      Ice            72%        N/A       1%          3
d - Summon Ice Beast      Ice/Summ       72%        N/A       4%          4
e - Sandblast             Erth           100%       2d20      1%          1
f - Lesser Beckoning      Tloc           100%       N/A       1%          2
g - Static Discharge      Conj/Air       100%       2-7/arc   1%          2
h - Spider Form           Tmut/Pois      72%        N/A       1%          3
i - Anguish               Hex/Necr       36%        N/A       4%          4
j - Blade Hands           Tmut           36%        N/A       11%         5
Your spell library was empty.

Dungeon Overview and Level Annotations

Branches:
Dungeon (13/15)            Temple (0/1) D:5            Lair (0/5) D:9
    Orc (0/2) D:11        Ossuary (visited)
 Vaults: D:13-14

Altars:
Ashenzari
Cheibriados
Makhleb
Trog

Shops:
D:11 *   D:12 =:**

Annotations:
D:13 Frances


Innate Abilities, Weirdness & Mutations

You are immune to sickness and miasma.
You are immune to poison.
Your flesh is very heat resistant. (rF++)
You are vulnerable to cold. (rC-)
You float through the air rather than walking.
You learn spells naturally, not from books.
Your magical power is your life essence.
You have superior vitality. (+4 MHP)


Message History

Casting: Frozen Ramparts (safe; 1% risk of failure)
Press: ? - help, Dir - look around, f - activate The walls around you are covered in ice.
Frances mutters in a terrible tongue.
The deep elf pyromancer mumbles some strange words.
Send 'em back where they came from!
Your ice beast shudders.
The fire elemental hits your ice beast.
The fire elemental burns your ice beast!
Your ice beast melts!
Your ice beast hits the fire elemental.
Your ice beast freezes the fire elemental!!
The fire elemental is frozen!
Casting: Frozen Ramparts (safe; 1% risk of failure)
Confirm with . or Enter, or press ? or * to list all spells.
A film of ice covers your body!
Your ice beast closely misses Frances.
Frances screams a word of power!
The iron shot hits your ice beast!!!
Your ice beast dies!
Your ice beast disappears in a puff of smoke!
Aiming: Sandblast (safe; 1% risk of failure)
Press: ? - help, Q - select action, (/) - cycle Shift-Dir - straight line, f - Frances
Aim: Frances, wielding a +0 flail and wearing a +0 chain mail (fast, 89% to hit)
The blast of sand hits Frances!
Frances is lightly wounded.
The wall freezes Frances but does no damage.
The deep elf pyromancer casts a spell.
The deep elf pyromancer blinks!
The wall freezes Frances!
Casting: Sandblast (safe; 1% risk of failure)
Confirm with . or Enter, or press ? or * to list all spells.
Aiming: Freeze (safe; 1% risk of failure)
Press: ? - help, Shift-Dir - straight line, f/p - Frances
Aim: Frances, wielding a +0 flail and wearing a +0 chain mail (lightly wounded, fast)
You miscast Freeze.
You are very lightly contaminated with residual magic.
Nothing appears to happen.
The wall freezes Frances!
Frances whispers indecipherable words.
The shard of ice hits you!!!
You feel a painful chill!
Ouch! That really hurt!
You die...

4c# #○# ##
#°# .. #○#
.. #E# ..
#.#
...........#
#@#
...........#
#@#
...........#
#.#
...........#
#.#
...........#
#.#
...........#
#.#
...........#
#.#
...........#
#.#
...........#
#.#
...........#
#.#


You could see Frances (fast), a rust devil (summoned), a fire elemental
(summoned) and a centaur (anguished).

Vanquished Creatures
  The ghost of Newt the Thrower, a journeyman DsGl of Okawaru (D:8)
  2 centaur warriors (D:9)
  Erolcha (D:9)
  A tengu warrior (D:9)
  3 two-headed ogres
  A manticore (D:13)
  Joseph (D:7)
  An unseen horror (D:11)
  2 komodo dragons (D:11)
  4 trolls
  A vampire (D:11)
  4 water elementals (D:10)
  A wraith (D:9)
  2 spriggans (D:8)
  2 wyverns
  9 yaks
  2 steam dragons
  A vampire mosquito (D:13)
  Edmund (D:6)
  Menkaure (D:6)
  A water moccasin (D:4)
  Duvessa (D:7)
  Pargi (D:3)
  A black bear (D:4)
  4 orc warriors
  A sky beast (D:7)
  An ogre (D:5)
  A wolf (D:10)
  A centaur (D:8)
  A phantom (D:5)
  A kobold brigand (D:8)
  A necrophage (D:6)
  4 bullfrogs
  15 scorpions
  12 wights
  3 gnoll sergeants
  Dowan (D:7)
  4 killer bees (D:10)
  An electric eel (D:10)
  5 howler monkeys
  A lava snake (D:10)
  3 centaur zombies (Ossuary)
  10 orc priests
  A jelly (D:5)
  3 gnoll boudas
  12 hounds
  2 iguanas
  4 human zombies (Ossuary)
  10 orc wizards
  Terence (D:2)
  4 scorpion zombies (Ossuary)
  3 mummies (Ossuary)
  Robin (D:2)
  6 adders
  30 gnolls
  An ufetubus (D:5)
  2 worms
  A dart slug (D:4)
  46 orcs
  12 ball pythons
  5 bats
  6 endoplasms
  5 giant cockroaches
  11 hobgoblins
  6 jackals
  3 quokkas
  4 frilled lizards
  4 gnoll zombies (Ossuary)
  16 goblins
  2 hobgoblin zombies (Ossuary)
  12 kobolds
  3 kobold zombies (Ossuary)
  An orc zombie (Ossuary)
  5 rats
337 creatures vanquished.

Vanquished Creatures (collateral kills)
  A two-headed ogre (D:11)
  A kobold demonologist (D:10)
  A spriggan (D:8)
  Sigmund (D:6)
  3 yaks
  A wolf (D:10)
  2 centaurs
  A kobold brigand (D:10)
  2 gnoll sergeants (D:10)
  3 orc wizards
  14 gnolls
  3 orcs
  A jackal (D:10)
  A kobold (D:10)
35 creatures vanquished.

Vanquished Creatures (others)
  A centaur warrior (D:13)
  2 two-headed ogres
  Maurice (D:11)
  A troll (D:10)
  A polar bear (D:8)
  A yak (D:9)
  An orc warrior (D:11)
  A wolf (D:10)
  A centaur (D:10)
  A gnoll sergeant (D:9)
  An electric eel (D:10)
  A hound (D:10)
  9 plants
22 creatures vanquished.

Grand Total: 394 creatures vanquished

Notes
Turn   | Place    | Note
-------+----------+-------------------------------------------
     0 | D:1      | testman the Djinni Ice Elementalist began the quest for the
                  | Orb.
     0 | D:1      | testman set off with the following spells memorised:
                  | Freeze, Frozen Ramparts, Ozocubu's Armour, Summon Ice
                  | Beast.
     0 | D:1      | Reached XP level 1. HP: 15/15 MP: 0/0
   137 | D:1      | Reached XP level 2. HP: 19/22 MP: 0/0
   139 | D:1      | Reached skill level 1 in Fighting
   265 | D:1      | Found a faded altar of an unknown god.
   273 | D:1      | Prayed at the altar of an unknown god.
   273 | D:1      | Became a worshipper of Cheibriados the Contemplative
   273 | D:1      | Reached * piety under Cheibriados
   570 | D:1      | Reached XP level 3. HP: 27/27 MP: 0/0
   570 | D:1      | Learned a level 1 spell: Sandblast
  1046 | D:2      | Noticed Robin
  1053 | D:2      | Killed Robin
  1064 | D:2      | Reached skill level 2 in Fighting
  1064 | D:2      | Reached XP level 4. HP: 19/33 MP: 0/0
  1075 | D:2      | Reached ** piety under Cheibriados
  1086 | D:2      | Reached skill level 1 in Invocations
  1336 | D:2      | Noticed Terence
  1346 | D:2      | Killed Terence
  1347 | D:2      | Reached XP level 5. HP: 16/39 MP: 0/0
  1347 | D:2      | Learned a level 2 spell: Lesser Beckoning
  2164 | D:3      | Found a broken altar of Ashenzari.
  2252 | D:3      | Noticed Pargi
  2259 | D:3      | Killed Pargi
  2259 | D:3      | Reached *** piety under Cheibriados
  2260 | D:3      | Reached skill level 3 in Fighting
  2260 | D:3      | Reached XP level 6. HP: 45/46 MP: 0/0
  2262 | D:3      | Identified the +8 hand axe of Malaise {drain, rElec rF-
                  | Int+7}
  2519 | D:4      | Reached XP level 7. HP: 50/51 MP: 0/0
  2519 | D:4      | Learned a level 2 spell: Static Discharge
  2690 | D:4      | Reached **** piety under Cheibriados
  2801 | D:4      | Reached skill level 4 in Fighting
  2867 | D:4      | Noticed a water moccasin
  2872 | D:4      | Killed a water moccasin
  3081 | D:4      | Found a burning altar of Makhleb.
  3085 | D:4      | Reached skill level 5 in Spellcasting
  3085 | D:4      | Reached XP level 8. HP: 58/58 MP: 0/0
  3176 | D:5      | Entered Level 5 of the Dungeon
  3181 | D:5      | Found a staircase to the Ecumenical Temple.
  3210 | D:5      | Reached skill level 5 in Fighting
  3319 | D:5      | Reached ***** piety under Cheibriados
  3735 | D:5      | Reached skill level 5 in Invocations
  3917 | D:6      | Noticed Edmund
  3922 | D:6      | Noticed Sigmund
  3923 | D:6      | Killed Edmund
  3929 | D:6      | Killed Sigmund
  3930 | D:6      | Reached skill level 6 in Fighting
  3930 | D:6      | Reached XP level 9. HP: 55/66 MP: 0/0
  3930 | D:6      | Learned a level 3 spell: Spider Form
  3994 | D:6      | Noticed Menkaure
  4002 | D:6      | Killed Menkaure
  4081 | D:6      | Found a bloodstained altar of Trog.
  4111 | D:6      | Reached skill level 7 in Fighting
  4161 | D:6      | Identified the +6 rapier "Amnessal" {flame, rF- rN+++
                  | Dex+8}
  4421 | D:7      | Noticed Duvessa
  4426 | D:7      | Killed Duvessa
  4428 | D:7      | Noticed Dowan
  4430 | D:7      | Killed Dowan
  4526 | D:7      | Noticed Joseph
  4545 | D:7      | Killed Joseph
  4546 | D:7      | Reached XP level 10. HP: 49/76 MP: 0/0
  4709 | D:7      | Reached skill level 8 in Fighting
  5075 | D:8      | Identified a scroll of acquirement
  5189 | D:8      | Found a sand-covered staircase.
  5195 | Ossuary  | Entered an ossuary
  5296 | Ossuary  | Reached ****** piety under Cheibriados
  5480 | Ossuary  | Reached skill level 1 in Long Blades
  5565 | D:8      | Acquired a manual of Fighting
  5710 | D:8      | Reached skill level 9 in Fighting
  6019 | D:8      | Reached XP level 11. HP: 84/84 MP: 0/0
  6019 | D:8      | Learned a level 4 spell: Anguish
  6043 | D:8      | Found a runed translucent door.
  6046 | D:8      | Noticed Newt's ghost (journeyman DsGl)
  6046 | D:8      | Identified the +6 trident of the Leaping Enemy {elec, rC+
                  | SInv}
  6068 | D:8      | Killed Newt's ghost
  6182 | D:8      | Reached skill level 10 in Fighting
  6455 | D:9      | Noticed a centaur warrior
  6460 | D:9      | Killed a centaur warrior
  6701 | D:9      | Found a staircase to the Lair.
  6826 | D:9      | Noticed Erolcha
  6835 | D:9      | Killed Erolcha
  6858 | D:9      | Noticed a two-headed ogre
  6866 | D:9      | Killed a two-headed ogre
  6867 | D:9      | Reached skill level 11 in Fighting
  6867 | D:9      | Reached skill level 1 in Armour
  7020 | D:9      | Noticed a tengu warrior
  7031 | D:9      | Killed a tengu warrior
  7032 | D:9      | Reached XP level 12. HP: 55/94 MP: 0/0
  7101 | D:9      | Noticed a centaur warrior
  7107 | D:9      | Killed a centaur warrior
  7108 | D:9      | Reached skill level 10 in Invocations
  7510 | D:10     | Entered Level 10 of the Dungeon
  7600 | D:10     | Noticed a two-headed ogre
  7607 | D:10     | Killed a two-headed ogre
  7608 | D:10     | Reached skill level 5 in Long Blades
  7649 | D:10     | Noticed a two-headed ogre
  7653 | D:10     | Killed a two-headed ogre
  7727 | D:10     | Found the +6 shillelagh "Devastator" {shatter}
  7824 | D:10     | Reached skill level 12 in Fighting
  8653 | D:11     | Found Estet's Assorted Antiques.
  8661 | D:11     | Bought a scroll labelled CEACYG TIO for 28 gold pieces
  8661 | D:11     | Bought a fuming grey potion for 25 gold pieces
  8661 | D:11     | Bought a scroll of identify for 56 gold pieces
  8728 | D:11     | Noticed Maurice
  8740 | D:11     | Killed Maurice
  8904 | D:11     | Found a staircase to the Orcish Mines.
  8905 | D:11     | Noticed a two-headed ogre
  8910 | D:11     | Killed a two-headed ogre
  9294 | D:12     | Noticed a two-headed ogre
  9294 | D:12     | Found Foal's Book Shop.
  9297 | D:12     | Found Motagul's Assorted Antiques.
  9346 | D:12     | Bought a fizzy purple potion for 27 gold pieces
  9346 | D:12     | Bought a scroll of identify for 60 gold pieces
  9412 | D:12     | Noticed a two-headed ogre
  9418 | D:12     | Killed a two-headed ogre
  9419 | D:12     | Reached XP level 13. HP: 102/102 MP: 0/0
  9419 | D:12     | Learned a level 5 spell: Blade Hands
  9426 | D:12     | Found Okhloxkov's Jewellery Shop.
  9567 | D:12     | Reached skill level 5 in Armour
  9589 | D:12     | Found Iloduibbua's Assorted Antiques.
  9859 | D:13     | Reached skill level 13 in Fighting
  9900 | D:13     | Noticed a centaur warrior
  9905 | D:13     | Killed a centaur warrior
  9907 | D:13     | Noticed Frances
  9917 | D:13     | Killed from afar by Frances

Illustrated notes

Levels and vault maps discovered:
D:1:      dpeg_arrival_connections, layout_basic,
          hellmonk_ecumenical_altar_prayer_group, minmay_surrounded
D:2:      layout_basic, minmay_misc_feat_room, minmay_indecisive_spiral,
          uniq_robin, uniq_terence
D:3:      layout_basic, nicolae_ashenzari_panopticon, uniq_pargi
D:4:      layout_loops_ring, lightli_temple_of_fire, minmay_misc_feat_chi
D:5:      layout_loops_ring, minmay_temple_entry_arrows
D:6:      layout_cave_pools, lemuel_round_altar, uniq_menkaure, uniq_edmund,
          uniq_sigmund
D:7:      layout_basic, uniq_duvessa, uniq_joseph
D:8:      layout_rooms, ebering_ghost_funeral_grove, nicolae_ossuary_entry_plus,
          chequers_serial_rivers_large_b, lightli_orcish_oven
D:9:      layout_gridville, dpeg_oklobed_lair, minmay_shattered_shrine,
          uniq_erolcha
D:10:     layout_big_octagon, serial_gnoll_camp, gnoll_camp_huts_moat,
          gnoll_camp_medium_01, gnoll_camp_mini_basic, gnoll_camp_mini_doghouse,
          nicolae_underground_beach
D:11:     layout_irregular_city, orc_0_dummy, serial_column_ruins,
          column_ruins_hut_water, column_ruins_grid_3, column_ruins_open_medium,
          column_ruins_columns_straight, column_ruins_open_tiny,
          column_ruins_open_tiny, column_ruins_corridor_straight, serial_shops,
          shop, uniq_maurice
D:12:     layout_small_grid, serial_shops, shop, nicolae_square_shop,
          nicolae_stop_n_shop_2, shop
D:13:     minmay_spotlight, layout_long_grid, uniq_josephine, uniq_frances

Skill      XL: |  1  2  3  4  5  6  7  8  9 10 11 12 13 |
---------------+----------------------------------------+-----
Fighting       | 1 2 3 4 6 7 9 11 12 13 | 13.1
Invocations    | 1 2 3 4 5 7 8 9 10 11 | 11.0
Spellcasting   | 4 5 6 7 8 9 |  9.4
Long Blades    | 1 4 6 |  6.4
Armour         | 2 4 5 |  5.0
Dodging        | |  2.1
Stealth        | |  1.5

Action                     |  1- 3 |  4- 6 |  7- 9 | 10-12 | 13-15 || total
---------------------------+-------+-------+-------+-------+-------++-------
  Melee: Dagger            |     3 |    12 |       |       |       ||    15
         Hand axe          |       |     4 |    66 |    41 |       ||   111
         Punch             |       |       |     1 |     3 |       ||     4
         Falchion          |       |       |       |    89 |       ||    89
         Scimitar          |       |       |       |   101 |     6 ||   107
         Trident           |       |       |       |     6 |       ||     6
   Cast: Freeze            |    28 |    17 |     3 |    17 |       ||    65
         Sandblast         |     7 |    41 |    36 |   149 |     7 ||   240
         Frozen Ramparts   |     2 |     6 |    20 |    31 |     2 ||    61
         Ozocubu's Armour  |     1 |     4 |     7 |    14 |     1 ||    27
         Summon Ice Beast  |       |       |     3 |    25 |     3 ||    31
         Static Discharge  |       |       |     7 |     4 |       ||    11
         Anguish           |       |       |       |    24 |     3 ||    27
 Invoke: Slouch            |       |       |       |     2 |       ||     2
    Use: Scroll            |       |       |       |    28 |       ||    28
         Potion            |       |       |       |     1 |       ||     1
   Stab: Sleeping          |       |     4 |     2 |     1 |       ||     7
 Armour: Robe              |    14 |     4 |     3 |       |       ||    21
         Ring mail         |       |       |    18 |    74 |       ||    92
         Plate armour      |       |       |       |    95 |     5 ||   100
  Dodge: Dodged            |    28 |    15 |    58 |   202 |     5 ||   308

Table legend: (Time is in decaauts)
 A = Elapsed time spent in this place.
 B = Non-inter-level travel time spent in this place.
 C = Inter-level travel time spent in this place.
 D = Time resting spent in this place.
 E = Time spent auto-exploring this place.
 F = Levels seen in this place.
 G = Mean time per level.
                   A        B        C        D        E       F      G
               +--------+--------+--------+--------+--------+-----+--------+
         Total |  16016 |  15137 |    879 |    307 |  12238 |  14 | 1144.0 |
       Dungeon |  15442 |  14563 |    879 |    300 |  12049 |  13 | 1187.8 |
       Ossuary |    574 |    574 |      0 |      7 |    189 |   1 |  574.0 |
               +--------+--------+--------+--------+--------+-----+--------+

Top non-repeatable levels by time:
     D:9: 2041 daAuts
    D:10: 1610 daAuts
     D:8: 1500 daAuts
     D:1: 1339 daAuts
    D:11: 1319 daAuts
     D:5: 1251 daAuts
     D:4: 1159 daAuts
     D:3: 1139 daAuts
     D:7: 1052 daAuts
    D:12: 1023 daAuts
     D:2: 982 daAuts
     D:6: 879 daAuts
 Ossuary: 574 daAuts
    D:13: 142 daAuts
